 Dungeon Crawl Stone Soup version 0.21.1-1-g345015f (webtiles) character file.

706 sankara the Changer (level 7, 0/48 HPs)
             Began as a Merfolk Transmuter on Feb 16, 2018.
             Was an Initiate of Ru.
             Slain by a killer bee (5 damage)
             ... on level 5 of the Dungeon.
             The game lasted 00:15:09 (4857 turns).

sankara the Changer (Merfolk Transmuter)            Turns: 4857, Time: 00:15:10

Health: 0/48       AC:  2    Str: 11    XL:     7   Next: 67%
Magic:  8/10       EV: 21    Int: 14    God:    Ru [......]
Gold:   210        SH:  0    Dex: 19    Spells: 4/10 levels left

rFire    . . .     SeeInvis .     - Unarmed
rCold    . . .     Gourm    .   (shield currently unavailable)
rNeg     . . .     Faith    .   (armour currently unavailable)
rPois    x         Spirit   .   (helmet currently unavailable)
rElec    .         Reflect  .   (cloak currently unavailable)
rCorr    .         Harm     .   (gloves currently unavailable)
MR       .....     Rnd*Tele +   (boots currently unavailable)
Stlth    ++........             (no amulet)
HPRegen  0.16/turn              i - ring of teleportation (curse)
MPRegen  0.12/turn              n - +4 ring of slaying

@: lethally poisoned (0 -> -7), spider-form
A: tiny, (change form in water), (swift swim), (stealthy swim)
a: End Transformation, Renounce Religion


You were on level 5 of the Dungeon.
You worshipped Ru.
Ru was noncommittal.
You were not hungry.
You were a venomous arachnid creature.
You visited 2 branches of the dungeon, and saw 7 of its levels.

You collected 210 gold pieces.

Inventory:

Hand Weapons
 v - a +0 hunting sling
Missiles
 a - 98 arrows
 e - 243 stones (quivered)
 f - 27 poisoned needles
 p - 6 exploding tomahawks
Armour
 b - a +0 robe (melded)
Jewellery
 i - a cursed ring of teleportation (left front leg)
 n - a +4 ring of slaying (right front leg)
 q - a +2 ring of dexterity
 s - an uncursed ring of flight {unknown}
Scrolls
 l - 4 scrolls of identify
 o - a scroll of fear
 t - 2 scrolls of magic mapping
 u - 3 scrolls of teleportation
 y - 2 scrolls of remove curse {unknown}
 C - 2 scrolls of blinking {unknown}
Potions
 g - a potion of haste
 h - a potion of agility {unknown}
 j - a potion of flight {unknown}
 k - 2 potions of heal wounds {unknown}
 m - a potion of brilliance {unknown}
 r - a potion of lignification {unknown}
 w - a potion of resistance {unknown}
 x - a potion of curing {unknown}
 z - a potion of mutation {unknown}
 A - a potion of berserk rage {unknown}
Books
 c - a book of Changes

   Spells                             Type                      Level
   a - Beastly Appendage              Transmutation                1
   b - Sticks to Snakes               Transmutation                2
   c - Spider Form                    Transmutation/Poison         3
   d - Ice Form                       Ice/Transmutation            4
   e - Blade Hands                    Transmutation                5
 D - a book of Misfortune

   Spells                             Type                      Level
   a - Confusing Touch                Hexes                        1
   b - Confuse                        Hexes                        3
   c - Gell's Gravitas                Translocation                3
   d - Petrify                        Transmutation/Earth          4
   e - Metabolic Englaciation         Hexes/Ice                    5
   f - Yara's Violent Unravelling     Hexes/Transmutation          5
Comestibles
 d - 10 rations
 B - 4 chunks of flesh


   Skills:
 - Level 1.1 Fighting
 - Level 2.6 Dodging
 + Level 6.7 Unarmed Combat
 - Level 2.0 Spellcasting
 + Level 7.4 Transmutations
 - Level 3.1 Poison Magic


You had 4 spell levels left.
You knew the following spells:

 Your Spells              Type           Power        Failure   Level  Hunger
a - Beastly Appendage     Tmut           ###...       5%          1    ##.....
b - Sticks to Snakes      Tmut           ###.....     7%          2    ###....
c - Spider Form           Tmut/Pois      ###.......   21%         3    ####...


Dungeon Overview and Level Annotations

Branches:
Dungeon (6/15)             Temple (1/1) D:4

Altars:
Ashenzari
Cheibriados
Dithmenos
Elyvilon
Fedhas
Gozag
Hepliaklqana
Kikubaaqudgha
Makhleb
Nemelex Xobeh
Okawaru
Qazlal
Ru
Sif Muna
Trog
Uskayaw
Vehumet
Wu Jian
Xom
Yredelemnul
Zin
The Shining One

Shops:
D:5 (


Message History

The bullfrog completely misses you.
The crimson imp blinks!
The orc completely misses you.
You climb upwards.
You feel sick.
There is a stone staircase leading down here.
You bite the bullfrog!
The bullfrog is poisoned.
The bullfrog is moderately wounded.
You feel sick. The killer bee closely misses you. The ogre misses you.
The bullfrog closely misses you. The killer bee misses you.
The orc barely misses you. The orc warrior completely misses you.
You feel sick. The bullfrog misses you. The killer bee completely misses you.
The bullfrog completely misses you. The orc barely misses you.
You see here a giant club.
You feel sick. The bullfrog hits you.
The orc warrior hits you from afar with a trident!
* * * LOW HITPOINT WARNING * * *
The killer bee misses you. The bullfrog hits you.
* * * LOW HITPOINT WARNING * * *
The killer bee stings you.
You die...

#..........#######...## #.<...
.....?##.#.......#..## #.....
.........##.........########.....
#.......<........................
)....#.###).......#........#.####
.(...#.........o.....#######.#
.......####...>O.##..#######.#
.......####...oFy##.......##.####
...............os#####..#........
#....######........# ##..........
#....# ########.######........
#....# #...## ###....## #....#
###..## ####.## ######
##..#####..... ##...........
#######..... ######


You could see an orc warrior, an ogre, a bullfrog, a killer bee and 2 orcs.

Vanquished Creatures
  A phantom (D:5)
  2 ogres (D:5)
  A centaur (D:5)
  A bullfrog (D:3)
  A crimson imp (D:5)
  A jelly (D:3)
  An iguana (D:4)
  3 orc wizards
  8 adders
  A worm (D:2)
  2 dart slugs
  2 leopard geckos (D:3)
  4 orcs
  2 ball pythons
  5 giant cockroaches
  6 goblins
  8 hobgoblins
  5 quokkas
  9 bats
  7 frilled lizards
  2 kobolds (D:1)
  2 leopard gecko skeletons
  13 rats
87 creatures vanquished.

Notes
Turn   | Place    | Note
-------+----------+-------------------------------------------
     0 | D:1      | sankara the Merfolk Transmuter began the quest for the Orb.
     0 | D:1      | Reached XP level 1. HP: 15/15 MP: 3/3
   292 | D:1      | Reached skill level 3 in Transmutations
   425 | D:1      | Reached XP level 2. HP: 15/21 MP: 3/5
   577 | D:1      | Learned a level 2 spell: Sticks to Snakes
   978 | D:1      | Reached XP level 3. HP: 19/26 MP: 4/6
   983 | D:1      | Learned a level 3 spell: Spider Form
  1724 | D:2      | Reached skill level 4 in Transmutations
  1753 | D:2      | Reached XP level 4. HP: 21/32 MP: 3/7
  2133 | D:3      | Reached skill level 1 in Poison Magic
  2186 | D:3      | Reached XP level 5. HP: 36/37 MP: 4/8
  2371 | D:3      | Reached skill level 5 in Unarmed Combat
  2371 | D:3      | Reached skill level 5 in Transmutations
  2569 | D:3      | Reached XP level 6. HP: 31/43 MP: 5/9
  3200 | D:4      | Found a deep blue altar of Sif Muna.
  3230 | D:4      | Found a staircase to the Ecumenical Temple.
  3243 | Temple   | Entered the Ecumenical Temple
  3355 | Temple   | Became a worshipper of Ru the Awakened
  3683 | D:5      | Entered Level 5 of the Dungeon
  3705 | D:5      | Found Refeko's Weapon Shop.
  3992 | D:5      | Reached skill level 6 in Transmutations
  4188 | D:5      | Reached XP level 7. HP: 20/48 MP: 7/10
  4585 | D:5      | Reached skill level 7 in Transmutations
  4857 | D:5      | Slain by a killer bee

Skill      XL: |  1  2  3  4  5  6  7 |
---------------+----------------------+-----
Transmutations | 3 4 5 6 7 |  7.4
Unarmed Combat | 4 5 6 |  6.7
Poison Magic   | 1 2 3 |  3.1
Fighting       | |  1.1
Dodging        | |  2.6
Spellcasting   | |  2.0

Action                   |  1- 3 |  4- 6 |  7- 9 || total
-------------------------+-------+-------+-------++-------
Melee: Unarmed           |   104 |    97 |    31 ||   232
       Headbutt          |    10 |     4 |       ||    14
       Punch             |       |     1 |       ||     1
       Tailslap          |       |       |     1 ||     1
 Cast: Beastly Appendage |    22 |     9 |     2 ||    33
       Spider Form       |     2 |    14 |     5 ||    21
  Use: Scroll            |     7 |       |       ||     7
 Stab: Sleeping          |     2 |     1 |       ||     3
  Eat: Chunk             |     3 |    10 |     3 ||    16
Armor: Robe              |    13 |     7 |     4 ||    24
       Skin              |     1 |     8 |     2 ||    11
Dodge: Dodged            |    73 |    86 |    43 ||   202
